AoeStats
← 2987052186

Arena

510171426Analyzed
4v4 RM · 3d ago on Sep 29, 2026· 52m 44s· 8 players
Game mode
Random Map
Map size
Large (8 player)
Population
200
Speed
Normal
Resources
Standard
Victory
Conquest
Starting age
Dark Age
Ending age
Imperial Age
RankedLock teamsTeams togetherTeam positionsShared explorationLock speedFull tech treeHidden civsTurbo modeCheats
Victory
Defeat
🇩🇪 Danes · Germany
1482
+12
🇧🇷 Aztecs · Brazil
1467
+13
🇨🇳 Franks · China
1302
+20
🇧🇷 Chinese · Brazil
1455
-19
🇵🇪 Teutons · Peru
1383
-16
🇵🇪 Romans · Peru
1367
-16
🇵🇪 Cumans · Peru
1358
-15
JAGR | Rojnar
5:16 Loom
8:21 Feudal Age
8:52 Town Watch
10:12 Fletching
21:51 Double-Bit Axe
24:12 Castle Age
22:28 Double-Bit Axe
25:01 Bodkin Arrow
25:43 Horse Collar
26:14 Bow Saw
27:39 Guard Tower
28:23 Masonry
35:17 Imperial Age
33:15 Gold Mining
34:48 Wheelbarrow
36:35 Ironclad
37:19 Chemistry
37:52 Hand Cart
42:02 Two-Man Saw
40:42 Heavy Scorpion
43:40 Ballistics
44:17 Siege Engineers
45:07 Keep
44:18 Arrowslits
46:06 Scale Barding Armor
46:11 Forging
47:28 Chain Barding Armor
47:44 Bloodlines
46:55 Cavalier
47:03 Cavalier
48:03 Heavy Plow
49:19 Fortified Wall
51:00 Plate Barding Armor
49:50 Paladin
51:12 Stone Mining
51:53 Crop Rotation
51:37 Padded Archer Armor
52:18 Plate Barding Armor
Julio2
0:29 Loom
11:12 Feudal Age
15:57 Castle Age
14:17 Double-Bit Axe
15:14 Gold Mining
17:12 Wheelbarrow
17:52 Bow Saw
18:47 Town Watch
19:25 Fletching
20:10 Bodkin Arrow
Anakin
6:42 Loom
9:11 Feudal Age
9:48 Man-at-Arms
11:42 Scale Mail Armor
16:10 Forging
30:11 Castle Age
30:57 Squires
30:17 Long Swordsman
30:49 Pikeman
32:02 Chain Mail Armor
33:36 Iron Casting
35:53 Double-Bit Axe
41:42 Wheelbarrow
40:53 Town Watch
40:52 Horse Collar
46:39 Imperial Age
44:31 Ballistics
44:22 Masonry
44:53 Town Watch
45:02 Fletching
46:45 Halberdier
48:29 Blast Furnace
50:26 Conscription
50:04 Bodkin Arrow
51:18 Chemistry
51:43 Bow Saw
52:28 Legionary
Fenix
6:38 Loom
8:49 Feudal Age
9:39 Double-Bit Axe
12:33 Horse Collar
14:38 Town Watch
23:26 Wheelbarrow
26:04 Castle Age
24:37 Gold Mining
25:47 Forging
26:16 Bloodlines
26:12 Scale Barding Armor
33:09 Imperial Age
33:50 Town Patrol
34:34 Conscription
34:21 Cavalier
37:09 Cuman Mercenaries
38:14 Crossbowman
39:01 Thumb Ring
38:49 Fletching
39:38 Heavy Plow
39:51 Bodkin Arrow
40:38 Capped Ram
41:06 Light Cavalry
44:02 Chain Barding Armor
44:56 Paladin
47:04 Plate Barding Armor
50:54 Caravan
软脚虾3号
9:59 Feudal Age
13:42 Castle Age
11:58 Double-Bit Axe
12:10 Horse Collar
14:37 Bow Saw
20:18 Loom
25:32 Fletching
29:28 Wheelbarrow
28:39 Town Watch
34:10 Imperial Age
32:28 Hand Cart
33:19 Heavy Plow
34:00 Bodkin Arrow
34:05 Padded Archer Armor
34:05 Gold Mining
34:05 Stone Mining
34:40 Ballistics
33:51 Hamask
35:22 Conscription
35:10 Bracer
36:13 Chemistry
36:00 Gold Shaft Mining
36:33 Stone Shaft Mining
36:59 Leather Archer Armor
36:56 Bloodlines
36:46 Husbandry
37:13 Squires
36:59 Arson
38:26 Siege Engineers
38:31 Masonry
37:44 Northmen's Fury
39:18 Ring Archer Armor
38:48 Scale Mail Armor
38:59 Forging
38:23 Onager
39:13 Thumb Ring
38:29 Cranequins
39:42 Siege Onager
42:06 Heavy Mounted Crossbowman
43:02 Capped Ram
43:56 Siege Ram
47:48 Caravan
48:03 Elite Jomsviking
48:59 Chain Mail Armor
49:19 Iron Casting
50:17 Plate Mail Armor
52:00 Blast Furnace
16岁少女在公交车上被11个大汉轮流让座
10:07 Feudal Age
14:03 Castle Age
11:58 Double-Bit Axe
15:21 Loom
17:43 Wheelbarrow
17:46 Bow Saw
31:00 Squires
31:46 Forging
31:36 Scale Mail Armor
33:43 Pikeman
34:55 Hand Cart
38:13 Gambesons
38:45 Chain Mail Armor
39:06 Iron Casting
39:27 Gold Mining
39:28 Stone Mining
39:27 Elite Skirmisher
52:41 Imperial Age
51:43 Fletching
Karzul
10:13 Feudal Age
8:33 Loom
12:06 Fletching
18:31 Castle Age
2987052186
10:41 Feudal Age
11:32 Double-Bit Axe
15:39 Castle Age
21:18 Loom
22:20 Wheelbarrow
25:37 Scale Barding Armor
26:46 Chain Barding Armor
33:05 Imperial Age
30:54 Hand Cart
32:26 Scale Mail Armor
32:37 Forging
32:22 Pikeman
33:03 Squires
32:48 Arson
33:25 Chain Mail Armor
33:16 Halberdier
34:36 Iron Casting
35:49 Plate Mail Armor
39:20 Blast Furnace
39:58 Conscription
39:16 Cavalier
39:57 Husbandry
41:16 Paladin
44:06 Plate Barding Armor
Connection lost

Rejoining the realm…

Still unreachable

The connection could not be restored.

Session expired

The server has moved on; the page needs a fresh start.